 Dungeon Crawl Stone Soup version bcrawl-1.34.4 (webtiles) character file.

Game seed: 13690334472783507895

292677 KristoblXynda the Ducker (level 8, -7/63 HPs)
             Began as a Demonspawn Gladiator on Oct 19, 2021.
             Killed by divine providence
             ... invoked by an orc priest
              (11 damage)
             ... on level 5 of the Dungeon.
             The game lasted 00:07:57 (4866 turns).

KristoblXynda the Ducker (Demonspawn Gladiator)     Turns: 4866, Time: 00:07:58

Health: -7/63      AC: 13    Str: 16    XL:     8   Next: 86%
Magic:  8/8        EV: 14    Int: 10    God:
Gold:   294        SH:  1    Dex: 15    Spells: 7/7 levels left

rFire    + . .     SeeInvis .   a - +0 long sword
rCold    . . .     Gourm    .   (no shield)
rNeg     . . .     Faith    .   p - +0 ring mail (curse)
rPois    .         Spirit   .   c - +0 helmet
rElec    .         Reflect  .   b - +2 cloak
rCorr    .         Harm     .   k - +0 pair of gloves
MR       .....                  i - +0 pair of boots
Stlth    +.........             (no amulet)
HPRegen  0.20/turn              (no ring)
MPRegen  0.11/turn              (no ring)

@: no status effects
A: rugged brown scales 1, demonic guardian 1, fire resistance 1
a: no special abilities


You were on level 5 of the Dungeon.
You were hungry.

You visited 1 branch of the dungeon, and saw 5 of its levels.

You collected 294 gold pieces.

Inventory:

Hand Weapons
 a - a +0 long sword (weapon)
Missiles
 d - 2 throwing nets {=f}
 m - 20 javelins (quivered)
Armour
 b - a +2 cloak (worn)
 c - a +0 helmet (worn)
 i - a +0 pair of boots (worn)
 k - a +0 pair of gloves (worn)
 p - a cursed +0 ring mail (worn)
Scrolls
 g - a scroll of remove curse {unknown}
 h - 2 scrolls of enchant weapon
 r - a scroll of magic mapping {unknown}
 s - a scroll of amnesia {unknown}
Potions
 f - a potion of resistance
 j - a potion of flight
 n - a potion of ambrosia {unknown}
 o - a potion of heal wounds
 q - a potion of agility
Comestibles
 e - 10 rations {!d}


   Skills:
 - Level 5.2 Fighting
 + Level 5.6 Long Blades
 + Level 4.8 Throwing
 + Level 4.7 Armour
 + Level 5.6 Dodging


You had 7 spell levels left.
You didn't know any spells.
Your spell library was empty.

Dungeon Overview and Level Annotations

Branches:
Dungeon (5/12)
 Temple: D:4-7

Altars:
Ashenzari
Sif Muna
Trog
Uskayaw

Shops:
D:4 *


Innate Abilities, Weirdness & Mutations

You are partially covered in rugged brown scales. (AC +1, +3% HP)
A weak demonic guardian rushes to your aid.
Your flesh is heat resistant. (rF+)


Message History

You kill the orc!
Throwing (i - inventory. (/) - cycle)
m - 21 javelins (quivered)
Press: ? - help, Shift-Dir - straight line, f - orc priest
Aim: an orc priest, wielding a +0 short sword and wearing a +0 chain mail (severely wounded)
You throw a javelin.
The javelin hits the orc priest but does no damage.
The orc priest is severely wounded.
The orc priest invokes the aid of Beogh against you.
Beogh smites you!
* * * LOW HITPOINT WARNING * * *
You closely miss the orc priest.
The orc priest is severely wounded.
The orc priest hits you with a +0 short sword.
* * * LOW HITPOINT WARNING * * *
Unknown command.
You barely miss the orc priest.
The orc priest is severely wounded.
The orc priest mumbles some strange prayers to Beogh against you.
Beogh smites you!
You die...

###########
.$....o@5.#
#################.#
#.≈≈.≈≈.≈≈.≈≈≈≈≈#.#
#≈≈.≈≈.≈.≈≈H≈.m≈#.#
#≈≈..≈≈.≈.≈.mmmm#.#
##################.#
...................#
........._.........#
#.................##


You could see an orc priest and a friendly white imp.

Vanquished Creatures
  A hippogriff (D:3)
  Eustachio (D:4)
  The ghost of Quickbrownfox the Ducker, an amateur MiAc (D:3)
  A phantom (D:4)
  A bullfrog (D:5)
  A scorpion (D:4)
  A howler monkey (D:5)
  2 orc priests (D:5)
  2 crimson imps (D:4)
  2 jellies
  Crazy Yiuf (D:2)
  2 centaur skeletons
  A bullfrog skeleton (D:4)
  An iguana (D:4)
  Ijyb (D:5)
  Natasha (thrice) (D:3)
  6 worker ants
  Robin (D:2)
  8 adders
  A shadow imp (D:5)
  An ooze (D:1)
  An adder skeleton (D:5)
  A worm (D:4)
  A dart slug (D:1)
  3 leopard geckos
  3 orcs
  4 ball pythons
  2 bats (D:1)
  2 giant cockroaches (D:3)
  12 goblins
  7 hobgoblins
  6 jackals (D:3)
  14 kobolds
  A quokka (D:5)
  3 frilled lizards
  A quokka skeleton (D:4)
  3 rats
103 creatures vanquished.

Vanquished Creatures (collateral kills)
  A yak (D:4)
  A black bear (D:4)
  A sky beast (D:5)
  A howler monkey (D:5)
  An orc wizard (D:5)
  An adder (D:3)
  2 orcs
  A jackal (D:4)
9 creatures vanquished.

Grand Total: 112 creatures vanquished

Notes
Turn   | Place    | Note
-------+----------+-------------------------------------------
     0 | D:1      | KristoblXynda the Demonspawn Gladiator began the quest for
                  | the Orb.
     0 | D:1      | Reached XP level 1. HP: 18/18 MP: 1/1
   270 | D:1      | Gained mutation: A weak demonic guardian rushes to your
                  | aid. [demonic ancestry]
   270 | D:1      | Reached XP level 2. HP: 24/24 MP: 2/2
   697 | D:1      | Reached XP level 3. HP: 29/29 MP: 3/3
  1253 | D:2      | Noticed Robin
  1260 | D:2      | Reached skill level 1 in Armour
  1280 | D:2      | Killed Robin
  1614 | D:2      | Gained mutation: You are partially covered in rugged brown
                  | scales. (AC +1, +3% HP) [demonic ancestry]
  1614 | D:2      | Reached XP level 4. HP: 24/36 MP: 4/4
  1694 | D:2      | Found a runed door.
  1701 | D:2      | Noticed Crazy Yiuf
  1707 | D:2      | Killed Crazy Yiuf
  1843 | D:3      | Found a runed translucent door.
  2005 | D:3      | Found a shattered altar of Ashenzari.
  2029 | D:3      | Noticed a hippogriff
  2039 | D:3      | Killed a hippogriff
  2040 | D:3      | Reached XP level 5. HP: 35/43 MP: 5/5
  2040 | D:3      | Reached XP level 6. HP: 40/49 MP: 6/6
  2130 | D:3      | Noticed Natasha
  2133 | D:3      | Killed Natasha
  2163 | D:3      | Noticed Quickbrownfox's ghost (amateur MiAc)
  2481 | D:3      | Noticed Natasha
  2490 | D:3      | Killed Natasha
  2582 | D:3      | Found a shimmering blue altar of Sif Muna.
  2591 | D:3      | Noticed Natasha
  2597 | D:3      | Killed Natasha
  2838 | D:4      | Found Xeiraruj's Mayhem Merchandise.
  2856 | D:4      | Reached XP level 7. HP: 56/56 MP: 7/7
  3001 | D:4      | Noticed a yak
  3014 | D:4      | Killed a yak
  3201 | D:4      | Reached skill level 5 in Fighting
  3313 | D:4      | Noticed Eustachio
  3373 | D:4      | Killed Eustachio
  3483 | D:4      | Gained mutation: Your flesh is heat resistant. (rF+)
                  | [demonic ancestry]
  3483 | D:4      | Reached XP level 8. HP: 53/63 MP: 8/8
  3772 | D:4      | Reached skill level 5 in Dodging
  3935 | D:3      | Killed Quickbrownfox's ghost
  3936 | D:3      | Reached skill level 5 in Long Blades
  3981 | D:5      | Entered Level 5 of the Dungeon
  3984 | D:5      | Found a hide-covered altar of Uskayaw.
  4052 | D:5      | Found a bloodstained altar of Trog.
  4053 | D:5      | Noticed Ijyb
  4075 | D:5      | Killed Ijyb
  4500 | D:5      | HP: 3/63 [howler monkey (6)]
  4831 | D:5      | Found a shattered altar of Ashenzari.
  4835 | D:5      | Saw a vision of the Shoals and the Snake Pit.
  4835 | D:5      | Noticed a merfolk
  4835 | D:5      | Noticed a hippogriff
  4835 | D:5      | Noticed a merfolk
  4835 | D:5      | Noticed a merfolk
  4835 | D:5      | Noticed a merfolk
  4835 | D:5      | Noticed a naga mage
  4835 | D:5      | Noticed a black mamba
  4835 | D:5      | Noticed a naga ritualist
  4835 | D:5      | Noticed a black mamba
  4836 | D:5      | Noticed a merfolk
  4838 | D:5      | Noticed a black mamba
  4838 | D:5      | Noticed a naga sharpshooter
  4866 | D:5      | Killed from afar by an orc priest

Skill      XL: |  1  2  3  4  5  6  7  8 |
---------------+-------------------------+-----
Throwing       | 2 3 4 |  4.8
Long Blades    | 3 4 5 |  5.6
Dodging        | 3 4 5 |  5.6
Armour         | 1 2 3 4 |  4.7
Fighting       | 4 5 |  5.2

Action                   |  1- 3 |  4- 6 |  7- 9 || total
-------------------------+-------+-------+-------++-------
Melee: Long sword        |   119 |    89 |   304 ||   512
Throw: Javelin           |       |    25 |    24 ||    49
       Throwing net      |       |     1 |     1 ||     2
  Use: Potion            |     1 |       |       ||     1
       Scroll            |       |     3 |     1 ||     4
 Stab: Sleeping          |     1 |       |       ||     1
       Distracted        |       |       |     1 ||     1
  Eat: Chunk             |     5 |     6 |     9 ||    20
       Ration            |       |       |     2 ||     2
Armor: Leather armour    |    25 |       |       ||    25
       Ring mail         |       |    45 |   129 ||   174
       Skin              |       |       |     8 ||     8
Dodge: Dodged            |    91 |    74 |   257 ||   422
Block: Other             |     2 |     1 |    12 ||    15
